 Dungeon Crawl Stone Soup version 0.30-a0-737-gf23d94013f (webtiles) character file.

Game seed: 170202026674873888

10957 Dittersdorf the Protected (level 11, -3/73 HPs)
             Began as a Gargoyle Fighter on Feb 1, 2023.
             Was a High Priest of Okawaru.
             Slain by a wolf spider (6 damage)
             ... on level 9 of the Dungeon.
             The game lasted 00:19:28 (11762 turns).

Dittersdorf the Protected (Gargoyle Fighter)       Turns: 11762, Time: 00:19:29

Health: -3/73      AC: 38    Str: 24    XL:     11   Next: 70%
Magic:  0/11       EV:  7    Int:  9    God:    Okawaru [*****.]
Gold:   660        SH: 10    Dex:  9    Spells: 10/10 levels left

rFire   + + .      SeeInvis +    m - +2 flail (protect)
rCold   . . .      Faith    .    u - +0 kite shield
rNeg    + + +      Spirit   +    s - +2 chain mail {rPois}
rPois   ∞          Reflect  .    l - +2 helmet {SInv}
rElec   +          Harm     .    w - +0 cloak
rCorr   +          Rampage  .    x - +2 pair of gloves {infuse}
Will    +....                    t - +0 pair of boots Stlth
                                 e - amulet of guardian spirit
HPRegen 0.32/turn                C - ring of resist corrosion
MPRegen 0.12/turn                y - ring of Xeareegh {rF++ rN+++ Will+}

@: brilliant, under a protective aura
A: sickness immunity, AC +8, negative energy resistance 1, electricity
resistance, torment resistance 1, petrification resistance
a: Renounce Religion, Heroism, Finesse, Duel


You were on level 9 of the Dungeon.
You worshipped Okawaru.
Okawaru was extremely pleased with you.
You visited 2 branches of the dungeon, and saw 11 of its levels.

You collected 1492 gold pieces.
You spent 832 gold pieces at shops.

Inventory:

Hand Weapons
 m - a +2 flail of protection (weapon)
Missiles
 a - 2 throwing nets
 f - 31 poisoned darts (quivered)
 o - 2 curare-tipped darts
Armour
 l - a +2 helmet of see invisible (worn)
 s - a +2 chain mail of poison resistance (worn)
 t - a +0 pair of boots (worn)
 u - a +0 kite shield (worn)
 w - a +0 cloak (worn)
 x - a +2 pair of gloves of infusion (worn)
Jewellery
 e - an amulet of guardian spirit (around neck)
 y - the ring of Xeareegh (right hand) {rF++ rN+++ Will+}
   (You found it on level 9 of the Dungeon)

   [ring of willpower]

   rF:        It greatly protects you from fire.
   rN:        It renders you almost immune to negative energy.
   Will:      It increases your willpower.
 C - a ring of resist corrosion (left hand)
Wands
 h - a wand of acid (20)
 v - a wand of roots (4)
 z - a wand of flame (10)
 D - a wand of polymorph (3)
Scrolls
 i - 5 scrolls of teleportation
 n - 3 scrolls of identify
 r - 3 scrolls of silence
 A - 2 scrolls of blinking
Potions
 b - a potion of brilliance
 c - 4 potions of mutation
 d - a potion of might
 g - 3 potions of haste
 k - 3 potions of flight
 p - 2 potions of cancellation
 q - 2 potions of berserk rage


   Skills:
 + Level 10.5 Fighting
 + Level 9.4 Maces & Flails
 + Level 10.6 Armour
 + Level 10.5 Shields


You had 10 spell levels left.
You didn't know any spells.
Your spell library contained the following spells:

 Spells                   Type           Power      Damage    Failure   Level
 Ensorcelled Hibernation  Hex/Ice        0%         N/A       100%        2
 Frozen Ramparts          Ice            0%         1d1       100%        3
 Portal Projectile        Hex/Tloc       0%         N/A       100%        3
 Spider Form              Tmut/Pois      0%         N/A       100%        3
 Anguish                  Hex/Necr       0%         N/A       100%        4
 Ice Form                 Ice/Tmut       0%         N/A       100%        4
 Leda's Liquefaction      Hex/Erth       0%         N/A       100%        4
 Freezing Cloud           Conj/Ice/Air   0%         6-21      100%        5
 Polar Vortex             Ice            0%         N/A       100%        9
 Call Canine Familiar     Summ           Unusable   N/A       N/A         3
 Summon Ice Beast         Ice/Summ       Unusable   N/A       N/A         4
 Simulacrum               Ice/Necr       Unusable   N/A       N/A         6

Dungeon Overview and Level Annotations

Branches:
Dungeon (10/15)            Temple (1/1) D:6            Lair (0/5) D:8
    Orc (0/2) D:10

Altars:
Ashenzari
Cheibriados
Dithmenos
Elyvilon
Fedhas
Gozag
Hepliaklqana
Kikubaaqudgha
Makhleb
Nemelex Xobeh
Okawaru
Qazlal
Ru
Sif Muna
Trog
Uskayaw
Vehumet
Wu Jian
Xom
Yredelemnul
Zin
The Shining One

Shops:
D:1 *   D:2 :   D:3 (   D:5 [   D:7 [

Annotations:
D:5 2 runed translucent doors, timneilson's ghost, novice GrFi
D:6 3 runed translucent doors, retardedninja's ghost, novice HOFi
D:10 1 runed translucent door, drugrobin's ghost, journeyman DgDe


Innate Abilities, Weirdness & Mutations

You are immune to sickness and miasma.
Your stone body is resilient. (AC +8)
You are immune to poison.
You resist negative energy. (rN+)
You are resistant to electric shocks. (rElec)
You are resistant to unholy torment.
You are immune to petrification.


Message History

The wolf spider bites you but does no damage.
The wolf spider hits you but does no damage.
The wolf spider closely misses you.
You don't have enough magic at the moment.
You hit the wolf spider.
The wolf spider is lightly wounded.
The wolf spider barely misses you.
The wolf spider bites you but does no damage.
You sock the wolf spider!
The wolf spider is moderately wounded.
You block the wolf spider's attack.
The wolf spider bites you but does no damage.
You block the wolf spider's attack. The wolf spider barely misses you.
You sock the wolf spider!
The wolf spider is severely wounded.
The wolf spider hits you.
* * * LOW HITPOINT WARNING * * *
You block the wolf spider's attack.
You closely miss the wolf spider.
The wolf spider is severely wounded.
The wolf spider hits you but does no damage.
The wolf spider bites you but does no damage.
The wolf spider hits you but does no damage.
The wolf spider bites you but does no damage.
You closely miss the wolf spider.
The wolf spider is severely wounded.
The wolf spider hits you but does no damage.
The wolf spider bites you but does no damage.
You block the wolf spider's attack. x2
You hit the wolf spider.
The wolf spider is severely wounded.
The wolf spider hits you but does no damage.
The wolf spider bites you.
* * * LOW HITPOINT WARNING * * *
You sock the wolf spider!
The wolf spider is almost dead.
The wolf spider hits you!
* * * LOW HITPOINT WARNING * * *
The wolf spider bites you.
You die...

######........##.....##....#
....##.=.......#......'....#
...............#.....##....#
....##...##....#.....##....#
....##...####'#########....#
.........##...##.....##....#
...........................#
...............†...........#
...............s@..........#
############################


You could see a wolf spider.

Vanquished Creatures
  A centaur warrior (D:10)
  3 two-headed ogres
  2 trolls
  A wraith (D:9)
  2 shadows (D:9)
  A wyvern (D:9)
  Grum (D:8)
  13 yaks
  A steam dragon (D:7)
  4 acid dragons
  A water moccasin (D:8)
  3 sky beasts
  3 orc warriors
  6 wolves (D:8)
  4 centaurs
  2 phantoms
  5 kobold brigands
  A necrophage (D:8)
  3 bullfrogs
  4 gnoll sergeants
  2 scorpions
  8 wights
  18 killer bees
  An electric eel (D:8)
  4 howler monkeys
  7 hounds
  3 jellies
  An orc priest (D:9)
  A gnoll bouda (D:6)
  Crazy Yiuf (D:7)
  An iron imp (D:10)
  Ijyb (D:3)
  3 iguanas
  6 orc wizards
  26 gnolls
  12 adders
  2 white imps (D:5)
  2 worms
  3 dart slugs
  18 orcs
  11 ball pythons
  5 bats
  8 endoplasms
  6 giant cockroaches
  10 goblins
  3 hobgoblins
  3 jackals (D:4)
  29 kobolds
  5 quokkas
  2 frilled lizards (D:2)
  10 rats
273 creatures vanquished.

Vanquished Creatures (others)
  2 fungi (D:10)
  5 plants (D:10)
7 creatures vanquished.

Grand Total: 280 creatures vanquished

Notes
Turn   | Place    | Note
-------+----------+-------------------------------------------
     0 | D:1      | Dittersdorf the Gargoyle Fighter began the quest for the
                  | Orb.
     0 | D:1      | Reached XP level 1. HP: 14/14 MP: 1/1
   316 | D:1      | Reached XP level 2. HP: 19/19 MP: 2/2
   689 | D:1      | Found Maonum's Assorted Antiques.
   826 | D:1      | Reached XP level 3. HP: 20/24 MP: 3/3
  1388 | D:2      | Reached XP level 4. HP: 28/29 MP: 4/4
  1725 | D:2      | Found Saih's Book Boutique.
  2230 | D:3      | Noticed Ijyb
  2240 | D:3      | Reached XP level 5. HP: 24/33 MP: 5/5
  2262 | D:3      | Killed Ijyb
  2268 | D:3      | HP: 1/33 [goblin/+0 club (1)]
  2456 | D:3      | Found a radiant altar of Vehumet.
  2486 | D:3      | Found Qigauja's Weapon Boutique.
  2661 | D:3      | Found a faded altar of an unknown god.
  3320 | D:4      | Identified a scroll of acquirement
  3320 | D:4      | Acquired 794 gold pieces
  3348 | D:4      | Reached XP level 6. HP: 39/39 MP: 6/6
  3908 | D:5      | Entered Level 5 of the Dungeon
  4166 | D:5      | Reached skill level 5 in Armour
  4448 | D:5      | Reached skill level 5 in Fighting
  4448 | D:5      | Reached skill level 5 in Shields
  4479 | D:5      | Reached XP level 7. HP: 33/44 MP: 7/7
  4551 | D:5      | Found a runed translucent door.
  4552 | D:5      | Noticed timneilson's ghost (novice GrFi)
  4731 | D:5      | Found a runed translucent door.
  4739 | D:5      | Found Xanynnub's Antique Armour Emporium.
  5203 | D:5      | Noticed a two-headed ogre
  5262 | D:4      | Reached XP level 8. HP: 15/51 MP: 8/8
  5422 | D:5      | Killed a two-headed ogre
  5423 | D:5      | Reached skill level 5 in Maces & Flails
  6147 | D:6      | Found a staircase to the Ecumenical Temple.
  6159 | Temple   | Entered the Ecumenical Temple
  6166 | Temple   | Became a worshipper of Warmaster Okawaru
  6223 | D:6      | Reached XP level 9. HP: 46/56 MP: 9/9
  6681 | D:5      | Bought a runed helmet for 202 gold pieces
  6880 | D:6      | Reached * piety under Okawaru
  6923 | D:6      | Found a runed translucent gate.
  6923 | D:6      | Found a runed translucent gate.
  6923 | D:6      | Found a runed translucent gate.
  6924 | D:6      | Noticed retardedninja's ghost (novice HOFi)
  6959 | D:6      | Found the +6 shillelagh "Devastator" {shatter}
  7110 | D:7      | Found a shimmering blue altar of Sif Muna.
  7392 | D:7      | Reached ** piety under Okawaru
  7557 | D:7      | Noticed a troll
  7586 | D:7      | Found a runed translucent door.
  7587 | D:7      | Noticed Crazy Yiuf
  7589 | D:7      | Identified the +3 hammer of Courage {antimagic, *Rage Will+
                  | Stlth+}
  7596 | D:7      | Killed Crazy Yiuf
  7681 | D:7      | Found Koac's Antique Armour Shoppe.
  7687 | D:7      | Bought a pair of runed gloves for 210 gold pieces
  7692 | D:7      | Bought a shiny buckler for 210 gold pieces
  7703 | D:7      | Bought a shiny chain mail for 210 gold pieces
  7929 | D:8      | Noticed Grum
  7955 | D:8      | Killed Grum
  7956 | D:8      | Reached XP level 10. HP: 38/64 MP: 0/10
  8270 | D:8      | Found a staircase to the Lair.
  8315 | D:8      | Reached *** piety under Okawaru
  8543 | D:8      | Found a sacrificial altar of Ru.
  8544 | D:8      | Found a hide-covered altar of Uskayaw.
  9244 | D:8      | Reached **** piety under Okawaru
  9910 | D:9      | Reached XP level 11. HP: 71/71 MP: 5/11
 10084 | D:9      | Identified the ring of Xeareegh {rF++ rN+++ Will+}
 10403 | D:9      | Found a shimmering altar of Xom.
 10539 | D:10     | Entered Level 10 of the Dungeon
 10584 | D:10     | Reached skill level 10 in Armour
 10815 | D:10     | Found a staircase to the Orcish Mines.
 10819 | D:10     | Found a runed translucent door.
 10820 | D:10     | Noticed a spriggan rider
 10821 | D:10     | Identified the +4 trident of Articulation {flame, rF+ rC+}
 10821 | D:10     | Noticed drugrobin's ghost (journeyman DgDe)
 10880 | D:10     | Found a snail-covered altar of Cheibriados.
 10944 | D:10     | Noticed a two-headed ogre
 10959 | D:10     | Killed a two-headed ogre
 10960 | D:10     | Reached skill level 10 in Fighting
 10960 | D:10     | Reached skill level 10 in Shields
 11031 | D:10     | Noticed a two-headed ogre
 11035 | D:10     | Reached ***** piety under Okawaru
 11301 | D:9      | Killed a two-headed ogre
 11482 | D:10     | Found a glowing silver altar of Zin.
 11704 | D:10     | Noticed a wolf spider
 11704 | D:10     | Noticed a centaur warrior
 11715 | D:10     | Killed a centaur warrior
 11741 | D:10     | HP: 3/73 [killer bee (3)]
 11762 | D:9      | HP: 3/73 [wolf spider (9)]
 11762 | D:9      | Slain by a wolf spider

Illustrated notes

Levels and vault maps discovered:
D:1:      evilmike_arrival_rings, layout_basic, serial_shops, nicolae_shop_stone
D:2:      kennysheep_six_static_rooms, layout_basic, serial_shops,
          nicolae_shop_advertising_works [nicolae_subvault_shop_adworks]
D:3:      kennysheep_the_goblin_king, layout_basic,
          nicolae_overflow_hidden_temple, serial_shops,
          nicolae_shop_bloodbath_and_beyond,
          shapermc_ecumenical_altar_mp_highgroup
D:4:      layout_basic
D:5:      layout_basic, ebering_ghost_sewer_f, serial_co_window_serial,
          co_window_paths_b, co_window_of_opportunity_a,
          co_window_of_opportunity_a, co_window_paths_a, co_window_paths_a,
          co_window_corner_a, co_window_paths_b, co_window_2corner,
          co_window_2corner, co_window_broadway_a, glass_columns_a,
          glass_columns_b, glass_columns_a, nicolae_take_the_stairs,
          minmay_divided_ellipse
D:6:      layout_gridville, minmay_temple_entry_glass,
          ebering_ghost_rock_garden, due_unseen_surprise
D:7:      layout_rooms, nicolae_sif_muna_condensation, serial_shops,
          kennysheep_little_box, lightli_corner_chamber, uniq_crazy_yiuf_cottage
D:8:      layout_rooms, gammafunk_temple_overflow_wave, erik_lair_island,
          serial_glass, glass_columns_c, glass_columns_a, glass_columns_b,
          glass_columns_a, glass_columns_c, glass_columns_a, uniq_grum
D:9:      layout_gridville, mainiacjoe_overflow_concentric_impassable
D:10:     cheibrodos_ideogram_h, layout_irregular_city, slow_altar_2,
          zin_statuary, orc_0_dummy, ebering_ghost_funeral_grove,
          minmay_misc_feat_diagonals
Temple:   nicolae_temple_no_exploring_needed

Skill      XL: |  1  2  3  4  5  6  7  8  9 10 11 |
---------------+----------------------------------+-----
Fighting       | 4 5 6 8 9 10 | 10.5
Armour         | 4 5 6 8 9 10 | 10.6
Shields        | 4 5 6 8 9 10 | 10.5
Maces & Flails | 3 4 5 7 8 9 |  9.4

Action                     |  1- 3 |  4- 6 |  7- 9 | 10-12 || total
---------------------------+-------+-------+-------+-------++-------
  Melee: Flail             |   125 |   275 |   419 |   509 ||  1328
  Throw: Dart              |       |       |     6 |     4 ||    10
 Invoke: Heroism           |       |       |       |     1 ||     1
  Evoke: Wand              |       |       |     4 |       ||     4
    Use: Scroll            |       |    14 |     4 |       ||    18
         Potion            |       |       |       |     8 ||     8
 Armour: Scale mail        |    45 |       |       |       ||    45
         Chain mail        |    42 |   258 |   194 |   579 ||  1073
         Plate armour      |       |       |   132 |       ||   132
  Dodge: Dodged            |    46 |   108 |   126 |   234 ||   514
  Block: Buckler           |    28 |    84 |   165 |    77 ||   354
         Reflection        |       |       |     1 |       ||     1
         Kite shield       |       |       |       |   354 ||   354

Table legend: (Time is in decaauts)
 A = Elapsed time spent in this place.
 B = Non-inter-level travel time spent in this place.
 C = Inter-level travel time spent in this place.
 D = Time resting spent in this place.
 E = Time spent auto-exploring this place.
 F = Levels seen in this place.
 G = Mean time per level.
                   A        B        C        D        E       F      G
               +--------+--------+--------+--------+--------+-----+--------+
         Total |  11996 |  11501 |    495 |   2409 |   6275 |  11 | 1090.5 |
       Dungeon |  11981 |  11497 |    484 |   2409 |   6275 |  10 | 1198.1 |
        Temple |     14 |      3 |     11 |      0 |      0 |   1 |   14.0 |
               +--------+--------+--------+--------+--------+-----+--------+

Top non-repeatable levels by time:
     D:5: 2267 daAuts
     D:9: 1737 daAuts
     D:3: 1366 daAuts
     D:8: 1263 daAuts
     D:1: 1047 daAuts
     D:2: 1018 daAuts
    D:10: 875 daAuts
     D:6: 857 daAuts
     D:7: 806 daAuts
     D:4: 740 daAuts
  Temple: 14 daAuts
